 Dungeon Crawl Stone Soup version 0.30-a0-1016-gfb0d676c02 (webtiles) character file.

Game seed: 1657817493189877625

538 kae the Changer (level 7, -4/48 HPs)
             Began as a Demonspawn Transmuter on Apr 6, 2023.
             Slain by a kobold brigand
             ... wielding a +0 short sword
              (7 damage)
             ... on level 5 of the Dungeon.
             The game lasted 00:03:18 (3621 turns).

kae the Changer (Demonspawn Transmuter)             Turns: 3621, Time: 00:03:19

Health: -4/48      AC:  2    Str: 10    XL:     7   Next: 5%
Magic:  11/12      EV: 19    Int: 20    God:
Gold:   242        SH:  0    Dex: 19    Spells: 3/13 levels left

rFire   . . .      SeeInvis .      - Unarmed
rCold   . . .      Faith    .    (shield currently unavailable)
rNeg    . . .      Spirit   .    a - melded +0 robe
rPois   x          Reflect  .    (helmet currently unavailable)
rElec   .          Rampage  .    (cloak currently unavailable)
rCorr   .                        (gloves currently unavailable)
Will    .....                    (boots currently unavailable)
Stlth   ++                       g - amulet of regeneration
HPRegen 1.08/turn                (no ring)
MPRegen 0.26/turn                (no ring)

@: spider-form (expiring)
A: venomous fangs, tiny, (spiny 1), magic regeneration, big brain 2
a: End Transformation


You were on level 5 of the Dungeon.
You were a venomous arachnid creature.
You visited 2 branches of the dungeon, and saw 6 of its levels.

You collected 242 gold pieces.


Innate Abilities, Weirdness & Mutations

You are a venomous arachnid creature.
You have venomous fangs.
You are tiny and dextrous.
Your spellcasting is less reliable in this form.
Your armour is entirely melded.
You are incapable of wielding weapons or throwing items.
((You are partially covered in sharp spines.))
You regenerate magic rapidly.
You have an extremely huge brain. (Int +4)


   Skills:
 - Level 1.0 Fighting
 - Level 1.7 Dodging
 + Level 4.0 Unarmed Combat
 + Level 3.5 Spellcasting
 * Level 4.6 Transmutations
 * Level 1.7 Ice Magic
 - Level 2.0 Poison Magic


You had 3 spell levels left.
You knew the following spells:

 Your Spells              Type           Power      Damage    Failure   Level
a - Beastly Appendage     Tmut           44%        N/A       8%          1
b - Wereblood             Tmut           22%        N/A       11%         2
c - Spider Form           Tmut/Pois      16%        N/A       26%         3
d - Ice Form              Ice/Tmut       16%        N/A       58%         4

Your spell library contained the following spells:

 Spells                   Type           Power      Damage    Failure   Level
 Hailstorm                Conj/Ice       6%         3d4       50%         3
 Simulacrum               Ice/Necr       3%         N/A       100%        6

Inventory:

Missiles
 d - 57 stones
 m - 5 datura-tipped darts
 n - 7 poisoned darts
Armour
 a - a +0 robe (melded)
Jewellery
 g - an amulet of regeneration (around neck)
   (You found it on level 2 of the Dungeon)
Wands
 f - a wand of flame (25)
   (You found it on level 4 of the Dungeon)
Scrolls
 h - 2 scrolls of teleportation {@r4}
 i - 2 scrolls of magic mapping {!r}
Potions
 b - a potion of lignification {!q}
 e - 3 potions of brilliance {unknown}
 j - a potion of cancellation {unknown}
 k - 2 potions of attraction {unknown}
 l - a potion of haste {unknown}

Dungeon Overview and Level Annotations

Branches:
Dungeon (5/15) Zot: 26527  Temple (1/1) D:4 Zot: 5864

Altars:
Cheibriados
Dithmenos
Fedhas
Gozag
Hepliaklqana
Kikubaaqudgha
Makhleb
Nemelex Xobeh
Okawaru
Trog
Uskayaw
Xom
Yredelemnul

Shops:
D:2 = D:3

= ########
#####......#
......)....#
#.)s...#
#.K....#
########


You could see a kobold brigand (very poisoned).


Message History

You can't go down here!
(D) Dungeon (T) Temple
Where to? (Enter - D:4 @ (x,y), ? - help)
Things that are here:
a +0 short sword; a kobold skeleton
Things that are here:
a +0 club; a kobold skeleton
There is a stone staircase leading down here.
You climb downwards.
There is a stone staircase leading up here.
Casting: Spider Form (dangerous; 11% risk of failure)
Confirm with . or Enter, or press ? or * to list all spells.
The spell is extremely dangerous to miscast (36% risk of failure)!
Continue anyway? [Y]es or [N]o only, please.
The spell is extremely dangerous to miscast (36% risk of failure)!
Continue anyway?
Okay, then.
Casting: Ice Form (extremely dangerous; 36% risk of failure)
Confirm with . or Enter, or press ? or * to list all spells.
You turn into a venomous arachnid creature.
Your +0 robe melds into your body.
The kobold shouts!
The sleepcap barely misses you. The kobold completely misses you.
The kobold misses you. The kobold brigand misses you.
The sleepcap releases spores at you. The kobold barely misses you. x2
The kobold brigand hits you with a +0 short sword. 😮 HP[-12] MP[-3]
You take 12 damage, and now have 31/43 hp.
MASSIVE DAMAGE!! (PAUSE)
You lost 3 mp, and now have 8/11 mp.
You hit the sleepcap. The sleepcap misses you. The kobold closely misses you.
The kobold hits you but does no damage.
The kobold brigand closely misses you. 😮 HP[+1]
You bite the sleepcap! The sleepcap closely misses you. The kobold misses you.
The kobold closely misses you.
The kobold brigand barely misses you. 😕 HP[+1] MP[+1]
You hit the sleepcap but do no damage. The sleepcap closely misses you.
The kobold barely misses you. The kobold misses you.
The kobold brigand misses you. 😕 HP[+1]
You hit the sleepcap. The sleepcap barely misses you.
The kobold hits you with a +0 dagger. The kobold brigand barely misses you.
The kobold closely misses you. 😕 HP[-1]
You take 1 damage, and now have 33/43 hp.
You hit the sleepcap but do no damage. The sleepcap completely misses you.
The kobold hits you with a +0 dagger. x2
The kobold brigand hits you with a +0 short sword. 😮 HP[-7]
You take 7 damage, and now have 26/43 hp.
You hit the sleepcap. The sleepcap releases spores at you.
The kobold hits you but does no damage. The kobold closely misses you.
The kobold brigand misses you. 😮 HP[-4]
You take 4 damage, and now have 22/43 hp.
Unknown command.
You bite the sleepcap! The kobold closely misses you. The kobold misses you.
The sleepcap releases spores at you.
* * * LOW HITPOINT WARNING * * *
You are engulfed in a cloud of soporific spores!
You fall asleep.
The kobold brigand hits you with a +0 short sword!
You wake up.
* * * LOW HITPOINT WARNING * * *
😱 HP[-21] MP[+1]
You take 21 damage, and now have 1/43 hp.
MASSIVE DAMAGE!! (PAUSE)
You feel much better. The sleepcap barely misses you.
The kobold barely misses you. The kobold completely misses you.
The kobold brigand hits you with a +0 short sword.
* * * LOW HITPOINT WARNING * * *
😨 HP[+11]
You regained 11 hp, and now have 12/43 hp.
You hit the sleepcap.
You destroy the sleepcap!
You have reached level 7! 😨 HP[+2]
You now have 48 max hp (+5).
You regained 2 hp, and now have 14/48 hp.
You closely miss the kobold.
Your transformation is almost over.
The kobold barely misses you. The kobold hits you with a +0 dagger.
* * * LOW HITPOINT WARNING * * *
The kobold brigand hits you with a +0 short sword!
* * * LOW HITPOINT WARNING * * *
You hit the kobold.
The kobold is poisoned.
The kobold closely misses you. The kobold hits you but does no damage.
The kobold brigand barely misses you. 😱 HP[-8] MP[+1]
You take 8 damage, and now have 6/48 hp.
You hit the kobold.
You kill the kobold! x2
The kobold brigand barely misses you. 😱 HP[+1]
You hit the kobold brigand but do no damage.
The kobold brigand hits you with a +0 short sword.
* * * LOW HITPOINT WARNING * * *
😱 HP[-5]
You take 5 damage, and now have 2/48 hp.
You hit the kobold brigand.
The kobold brigand is poisoned.
The kobold brigand hits you with a +0 short sword!
You die...

Skill      XL: |  1  2  3  4  5  6 |
---------------+-------------------+-----
Transmutations | 2 3 4 |  4.6
Unarmed Combat | 3 4 |  4.0
Poison Magic   | 1 2 |  2.0
Spellcasting   | 3 |  3.5
Ice Magic      | 1 |  1.7
Fighting       | |  1.0
Dodging        | |  1.7

Action                     |  1- 3 |  4- 6 |  7- 9 || total
---------------------------+-------+-------+-------++-------
  Melee: Unarmed           |    78 |   155 |     5 ||   238
         Headbutt          |    17 |     5 |       ||    22
         Kick              |    17 |    10 |       ||    27
   Cast: Beastly Appendage |    23 |    10 |       ||    33
         Wereblood         |     1 |     3 |       ||     4
         Spider Form       |       |    11 |       ||    11
    Use: Scroll            |     9 |     1 |       ||    10
         Potion            |       |     2 |       ||     2
   Stab: Sleeping          |       |     4 |       ||     4
 Armour: Robe              |     9 |     5 |       ||    14
         Skin              |       |    11 |     1 ||    12
  Dodge: Dodged            |    53 |   150 |     4 ||   207

Levels and vault maps discovered:
D:1:      dpeg_arrival_boxorama, layout_loops_ring, serial_bayou_pond_b
D:2:      layout_basic, dreamdust_ecumenical_altar_angels_and_demons,
          minmay_hedge_maze, nicolae_shop_unique_rings, minmay_crystal_room
D:3:      layout_basic, serial_shops, nicolae_shop_trees
D:4:      layout_basic, minmay_temple_entry_ruins, nicolae_figureground_pulse
D:5:      layout_rooms, nicolae_qazlal_scattered_showers, serial_demonic,
          serial_demonic_g, serial_demonic_f, serial_demonic_b, serial_demonic_c
Temple:   regret_index_temple_waves

Notes
Turn   | Place    | Note
-------+----------+-------------------------------------------
     0 | D:1      | kae the Demonspawn Transmuter began the quest for the Orb.
     0 | D:1      | Reached XP level 1. HP: 15/15 MP: 3/3
     0 | D:1      | magus.rc [v1.11.3]
    93 | D:1      | Reached skill level 2 in Transmutations
   114 | D:1      | Gained mutation: You have an unusually large brain. (Int
                  | +2) [demonic ancestry]
   114 | D:1      | Reached XP level 2. HP: 19/21 MP: 3/5
   202 | D:1      | Learned a level 2 spell: Wereblood
   249 | D:1      | Reached skill level 3 in Unarmed Combat
   267 | D:1      | Gained mutation: You are partially covered in sharp spines.
                  | [demonic ancestry]
   267 | D:1      | Reached XP level 3. HP: 26/26 MP: 3/6
   271 | D:1      | Learned a level 3 spell: Spider Form
   970 | D:2      | Found a faded altar of an unknown god.
   991 | D:2      | Found Qoefa's One-of-a-Kind Rings.
  1514 | D:3      | Reached skill level 1 in Poison Magic
  1559 | D:3      | Gained mutation: You have an extremely huge brain. (Int +4)
                  | [demonic ancestry]
  1559 | D:3      | Reached XP level 4. HP: 32/32 MP: 5/7
  1564 | D:3      | Reached skill level 3 in Transmutations
  1765 | D:3      | You pick up a book of the Tundra and begin reading...
  1765 | D:3      | You add the spells Hailstorm and Simulacrum to your
                  | library.
  2233 | D:3      | Found Jeirutatt's Jewellery Emporium.
  2511 | D:4      | HP: 8/32 [frozen (3)]
  2584 | D:4      | Gained mutation: You regenerate magic rapidly. [demonic
                  | ancestry]
  2584 | D:4      | Reached XP level 5. HP: 37/37 MP: 2/9
  2874 | D:4      | Reached skill level 2 in Poison Magic
  2890 | D:4      | Found a staircase to the Ecumenical Temple.
  2919 | D:4      | Reached skill level 3 in Spellcasting
  2965 | D:4      | Reached skill level 4 in Transmutations
  2965 | D:4      | Reached XP level 6. HP: 38/43 MP: 3/10
  3025 | Temple   | Entered the Ecumenical Temple
  3123 | Temple   | Learned a level 4 spell: Ice Form
  3445 | D:4      | Reached skill level 1 in Ice Magic
  3539 | D:5      | Entered Level 5 of the Dungeon
  3554 | D:4      | Reached skill level 4 in Unarmed Combat
  3614 | D:5      | HP: 1/43 [kobold brigand/+0 short sword (15)]
  3617 | D:5      | Reached XP level 7. HP: 14/48 MP: 10/12
  3620 | D:5      | HP: 2/48 [kobold brigand/+0 short sword (6)]
  3621 | D:5      | Slain by a kobold brigand

Vanquished Creatures
  A phantom (D:4)
  A centaur (D:4)
  A gnoll sergeant (D:4)
  2 hounds (D:4)
  2 sleepcaps
  An orc wizard (D:4)
  5 gnolls
  4 adders
  5 dart slugs
  8 orcs (D:4)
  6 ball pythons
  7 bats
  8 endoplasms
  4 giant cockroaches
  5 goblins
  6 hobgoblins
  9 kobolds
  4 quokkas
  6 rats
85 creatures vanquished.

Vanquished Creatures (others)
  A demonic plant (D:5)
  5 plants (D:1)
6 creatures vanquished.

Grand Total: 91 creatures vanquished

Table legend:
 A = Non-vault XP
 B = Vault XP
 C = Vault XP percentage of total XP
 D = Non-vault monster count
 E = Vault monster count
 F = Vault count percentage of total count
                 A         B        C        D         E       F
            +---------+---------+-------+---------+---------+-------
      Total |     759 |      10 |   1.3 |      81 |       4 |   4.7
            +---------+---------+-------+---------+---------+-------
        D:1 |      55 |      10 |  15.4 |      22 |       4 |  15.4
        D:2 |      18 |       0 |   0.0 |      10 |       0 |   0.0
        D:3 |      60 |       0 |   0.0 |      15 |       0 |   0.0
        D:4 |     582 |       0 |   0.0 |      31 |       0 |   0.0
        D:5 |      44 |       0 |   0.0 |       3 |       0 |   0.0
            +---------+---------+-------+---------+---------+-------

Illustrated notes

Table legend:
 A = Kills in this place as a percentage of kills in the entire game.
 B = Kills by you in this place as a percentage of kills by you in the entire game.
 C = Kills by friends in this place as a percentage of kills by friends in the entire game.
 D = Other kills in this place as a percentage of other kills in the entire game.
 E = Experience gained in this place as a percentage of experience gained in the entire game.
 F = Experience gained in this place divided by the number of levels of this place that you have seen.
                   A       B       C       D       E      F
               +-------+-------+-------+-------+-------+----------------------
         Total | 100.0 | 100.0 |   N/A |   N/A | 100.0 | 128.2
       Dungeon | 100.0 | 100.0 |   N/A |   N/A | 100.0 | 153.8
               +-------+-------+-------+-------+-------+----------------------

Table legend: (Time is in decaauts)
 A = Elapsed time spent in this place.
 B = Non-inter-level travel time spent in this place.
 C = Inter-level travel time spent in this place.
 D = Time resting spent in this place.
 E = Time spent auto-exploring this place.
 F = Levels seen in this place.
 G = Mean time per level.
                   A        B        C        D        E       F      G
               +--------+--------+--------+--------+--------+-----+--------+
         Total |   3607 |   3440 |    167 |     50 |   2757 |   6 |  601.2 |
       Dungeon |   3471 |   3331 |    140 |     50 |   2664 |   5 |  694.2 |
        Temple |    135 |    109 |     26 |      0 |     93 |   1 |  135.0 |
               +--------+--------+--------+--------+--------+-----+--------+

Top non-repeatable levels by time:
     D:3: 995 daAuts
     D:4: 971 daAuts
     D:1: 814 daAuts
     D:2: 669 daAuts
  Temple: 135 daAuts
     D:5: 21 daAuts
